[Event "Titled Tuesday Blitz May 30 Early 2023"]
[White "Sailer, Mike"]
[Black "Lohani, Sujana"]
[WhiteFideId "2012901"]
[BlackFideId "12311987"]
[WhiteElo "2109"]
[BlackElo "1718"]
[Result "0-1"]
[Round "04"]
[TimeControl "180+2"]
[Date "2023.05.30"]
[WhiteClock "0:00:00"]
[BlackClock "0:00:39"]

1. d4 g6 2. Nf3 Bg7 3. Bf4 d6 4. e3 Nf6 5. Be2 O-O 6. O-O c5 7. c3 Qb6 8. Qb3 Nc6 9. h3 Be6 10. Qa3 cxd4 11. exd4 Na5 12. Nbd2 Rac8 13. Rac1 Nc4 14. Nxc4 Bxc4 15. Rfe1 Nd5 16. Bg5 e6 17. Bxc4 Rxc4 18. Qb3 Rfc8 19. Qxb6 Nxb6 20. Rcd1 d5 21. Be7 a5 22. Nd2 R4c7 23. Bc5 Nd7 24. Bd6 Rc6 25. Bg3 b5 26. Nf3 b4 27. cxb4 axb4 28. Ne5 Nxe5 29. Bxe5 Rc2 30. Rb1 Rd2 31. a3 b3 32. Re3 Bxe5 33. dxe5 Rb8 34. Rc3 d4 35. Rc4 d3 36. f4 Rc2 37. Rd4 d2 38. Rd1 Rxb2 39. R4xd2 Rxd2 40. Rxd2 b2 0-1


[Site "https://www.chess.com"]

[Event "Titled Tuesday Blitz May 30 Early 2023"]
[White "Borodavkin, Anatoly"]
[Black "Castillo Pena, Patricia Evarista"]
[WhiteFideId "14150662"]
[BlackFideId "6412106"]
[WhiteElo "1991"]
[BlackElo "1919"]
[Result "1-0"]
[Round "04"]
[TimeControl "180+2"]
[Date "2023.05.30"]
[WhiteClock "0:00:27"]
[BlackClock "0:00:11"]

1. e4 c5 2. Nc3 Nc6 3. g3 g6 4. Bg2 Bg7 5. d3 d6 6. f4 Nf6 7. Nf3 O-O 8. O-O Rb8 9. h3 b5 10. Be3 a5 11. e5 dxe5 12. fxe5 Nd7 13. e6 fxe6 14. Ng5 Nd4 15. Nce4 Rxf1+ 16. Qxf1 Nxc2 17. Qf7+ Kh8 18. Qxe6 Ne5 19. Qxe5 Bxe5 20. Nf7+ Kg7 21. Nxd8 Nxa1 22. Nc6 Bxg3 23. Nxb8 Bxb8 24. Bxc5 Kf7 25. Nc3 b4 26. Nd5 Bd6 27. Bxd6 exd6 28. Ne3 Bf5 29. Bf1 Ke6 30. Kf2 d5 31. Ke2 d4 32. Nc4 a4 33. Kd2 b3 34. a3 Nc2 35. Nb6 Ne3 36. Be2 Bxh3 37. Nxa4 Bg2 38. Nc5+ Kd6 39. Nxb3 h5 40. Nxd4 Nd5 41. Nf3 Nf4 42. Nh4 g5 43. Nxg2 Nxg2 44. Bxh5 Nf4 45. Bg4 Kd5 46. Kc3 Kc5 47. d4+ Kd5 48. Bf3+ Kd6 49. a4 Nd5+ 50. Kc4 Ne3+ 51. Kd3 Nd5 52. Bxd5 Kxd5 53. b4 g4 54. Ke3 g3 55. Kf3 Kxd4 56. Kxg3 Kc4 57. b5 1-0


[Site "https://www.chess.com"]

[Event "Titled Tuesday Blitz May 30 Early 2023"]
[White "Ahmadzada, Ahmad"]
[Black "Nihal Sarin"]
[WhiteFideId "13413007"]
[BlackFideId "25092340"]
[WhiteElo "2388"]
[BlackElo "2689"]
[Result "0-1"]
[Round "05"]
[TimeControl "180+2"]
[Date "2023.05.30"]
[WhiteClock "0:00:02"]
[BlackClock "0:01:23"]

1. Nf3 d5 2. g3 Nc6 3. d4 Bf5 4. Bg2 Nb4 5. Na3 e6 6. O-O Be7 7. c3 Nc6 8. Nc2 Nf6 9. Bf4 h6 10. Nce1 O-O 11. Nd3 Bd6 12. Nfe5 Ne7 13. Qb3 b6 14. c4 c5 15. dxc5 bxc5 16. Rfd1 Rb8 17. Qa4 Qc7 18. h4 Bxd3 19. Nxd3 Bxf4 20. gxf4 Ng6 21. Rac1 Nxf4 22. Bf3 Nxd3 23. Rxd3 d4 24. e3 e5 25. Qc6 Qxc6 26. Bxc6 Rxb2 27. exd4 exd4 28. Ra3 Ng4 29. Rf1 Ne5 30. Bd5 Rc2 31. Rxa7 Nxc4 32. Re1 d3 33. Rxf7 Rxf7 34. Re8+ Kh7 35. Bxf7 d2 36. Bg8+ Kg6 37. Re6+ Kf5 38. Bh7+ Kxe6 39. Bxc2 Nb2 40. a4 d1=Q+ 41. Bxd1 Nxd1 42. a5 Nc3 0-1


[Site "https://www.chess.com"]

[Event "Titled Tuesday Blitz May 30 Early 2023"]
[White "Bachmann, Axel"]
[Black "Le, Tuan Minh"]
[WhiteFideId "3700488"]
[BlackFideId "12401153"]
[WhiteElo "2605"]
[BlackElo "2566"]
[Result "0-1"]
[Round "05"]
[TimeControl "180+2"]
[Date "2023.05.30"]
[WhiteClock "0:00:03"]
[BlackClock "0:00:26"]

1. e4 c5 2. Nf3 Nf6 3. Nc3 d5 4. exd5 Nxd5 5. Bb5+ Bd7 6. a4 Nf6 7. Ne5 e6 8. d3 a6 9. Bxd7+ Nbxd7 10. Nc4 b5 11. axb5 axb5 12. Rxa8 Qxa8 13. Ne3 b4 14. Nb1 Be7 15. O-O O-O 16. Nd2 Ne5 17. Nec4 Nxc4 18. Nxc4 Rd8 19. Bg5 h6 20. Bxf6 Bxf6 21. Qe2 Qa2 22. b3 Qa8 23. Re1 Bc3 24. Rf1 Qb7 25. f4 Ra8 26. h3 Bd4+ 27. Kh2 Qc7 28. Kh1 g6 29. g4 Ra2 30. Qg2 Qd7 31. f5 Qd5 32. Rc1 Qxg2+ 33. Kxg2 gxf5 34. gxf5 exf5 35. Kf3 Kg7 36. Nd6 Kf6 37. Nc4 h5 38. Nd6 h4 39. Nc4 Ra8 40. Nb6 Rg8 41. Nd5+ Ke5 42. Ne7 Rg3+ 43. Ke2 Rg2+ 0-1


[Site "https://www.chess.com"]

[Event "Titled Tuesday Blitz May 30 Early 2023"]
[White "Vitiugov, Nikita"]
[Black "Duda, Jan-Krzysztof"]
[WhiteFideId "4152956"]
[BlackFideId "1170546"]
[WhiteElo "2673"]
[BlackElo "2790"]
[Result "0-1"]
[Round "05"]
[TimeControl "180+2"]
[Date "2023.05.30"]
[WhiteClock "0:00:00"]
[BlackClock "0:00:04"]

1. Nf3 Nf6 2. c4 g6 3. Nc3 d5 4. cxd5 Nxd5 5. Qa4+ Nc6 6. Ne5 Qd6 7. Nxc6 Qxc6 8. Qxc6+ bxc6 9. g3 Bg7 10. Bg2 Be6 11. a3 Rb8 12. O-O O-O 13. e3 Nxc3 14. bxc3 c5 15. a4 Bc4 16. Re1 Be5 17. Ba3 Bd6 18. d4 Rb3 19. Bxc5 Bxc5 20. dxc5 Rfb8 21. Rec1 e5 22. Bf1 Bxf1 23. Kxf1 Rb2 24. Kg2 R8b3 25. g4 Kf8 26. Kf3 Ke7 27. a5 Ke6 28. a6 Rb5 29. c4 Rxc5 30. h4 e4+ 31. Kg3 h5 32. gxh5 Rxh5 33. Rab1 Ra2 34. Ra1 Rxa1 35. Rxa1 Rc5 36. Rb1 Rc6 37. Rb7 Rxa6 38. Rxc7 Ra2 39. c5 a5 40. Ra7 a4 41. c6 a3 42. c7 Kd7 43. Kf4 Rxf2+ 44. Kxe4 a2 45. Kd3 f6 46. e4 Rh2 47. Ke3 Rh3+ 48. Kd4 Rxh4 49. Rxa2 f5 50. Kd5 Rxe4 51. Rc2 Re8 0-1


[Site "https://www.chess.com"]

[Event "Titled Tuesday Blitz May 30 Early 2023"]
[White "Rozen, Eytan"]
[Black "Kramnik, Vladimir"]
[WhiteFideId "2816750"]
[BlackFideId "4101588"]
[WhiteElo "2451"]
[BlackElo "2703"]
[Result "0-1"]
[Round "05"]
[TimeControl "180+2"]
[Date "2023.05.30"]
[WhiteClock "0:00:00"]
[BlackClock "0:00:06"]

1. c4 e6 2. Nc3 Bb4 3. Qb3 Ba5 4. d4 c5 5. e3 Nf6 6. Nf3 O-O 7. Be2 cxd4 8. exd4 d5 9. cxd5 exd5 10. O-O Re8 11. Bb5 Nc6 12. Bg5 Be6 13. Rad1 h6 14. Bh4 g5 15. Nxg5 hxg5 16. Bxg5 Bxc3 17. bxc3 Bf5 18. c4 dxc4 19. Bxc4 Bg6 20. f4 Na5 21. Qg3 Nxc4 22. f5 Ne4 23. fxg6 fxg6 24. Qd3 Qxg5 25. Qxc4+ Kh8 26. Rd3 Re7 27. Rh3+ Kg7 28. d5 Qe5 29. Qe2 Qd4+ 30. Re3 Nc3 31. Qf2 Qxe3 0-1


[Site "https://www.chess.com"]

[Event "Titled Tuesday Blitz May 30 Early 2023"]
[White "Deac, Bogdan-Daniel"]
[Black "Kravtsiv, Martyn"]
[WhiteFideId "1226380"]
[BlackFideId "14113147"]
[WhiteElo "2649"]
[BlackElo "2695"]
[Result "1-0"]
[Round "05"]
[TimeControl "180+2"]
[Date "2023.05.30"]
[WhiteClock "0:00:21"]
[BlackClock "0:00:02"]

1. e4 e5 2. Nf3 Nc6 3. Bb5 a6 4. Bxc6 dxc6 5. Nc3 f6 6. d4 exd4 7. Qxd4 Qxd4 8. Nxd4 Bd7 9. Be3 O-O-O 10. O-O-O Ne7 11. h4 b6 12. h5 c5 13. Nde2 Nc6 14. h6 gxh6 15. Bxh6 f5 16. Bg5 Re8 17. Bf6 Rg8 18. Rxh7 Bd6 19. Nd5 Rxe4 20. Nxb6+ cxb6 21. Rxd6 Be8 22. Nc3 Rf4 23. Nd5 Rxf2 24. Nxb6+ Kb8 25. Rd8+ Nxd8 26. Be5# 1-0


[Site "https://www.chess.com"]

[Event "Titled Tuesday Blitz May 30 Early 2023"]
[White "Babazada, Khazar"]
[Black "Mischuk, Dmitry"]
[WhiteFideId "13413554"]
[BlackFideId "14118734"]
[WhiteElo "2351"]
[BlackElo "2256"]
[Result "1-0"]
[Round "05"]
[TimeControl "180+2"]
[Date "2023.05.30"]
[WhiteClock "0:00:30"]
[BlackClock "0:00:46"]

1. e4 c5 2. Nf3 d6 3. d4 cxd4 4. Nxd4 Nf6 5. Nc3 g6 6. g3 Nc6 7. Bg2 Nxd4 8. Qxd4 Bg7 9. O-O O-O 10. Qd3 Be6 11. Rd1 Nd7 12. Nd5 Rc8 13. c3 Ne5 14. Qe2 Bg4 15. f3 Be6 16. Bg5 Re8 17. Be3 Bxd5 18. Rxd5 Nc4 19. Bf2 a6 20. f4 Qc7 21. Rad1 b5 22. h4 Nb6 23. R5d3 Na4 24. Bh3 Rb8 25. h5 Nc5 26. hxg6 Nxd3 27. gxf7+ Kxf7 28. Qh5+ Kg8 29. Be6+ Kh8 30. Bf5 h6 31. Qg6 Kg8 32. Qh7+ Kf8 33. Be6 Ne5 34. Qg8# 1-0


[Site "https://www.chess.com"]

[Event "Titled Tuesday Blitz May 30 Early 2023"]
[White "Sjugirov, Sanan"]
[Black "Herrera Reyes, Jose Antonio"]
[WhiteFideId "4189302"]
[BlackFideId "2274914"]
[WhiteElo "2569"]
[BlackElo "2272"]
[Result "1-0"]
[Round "05"]
[TimeControl "180+2"]
[Date "2023.05.30"]
[WhiteClock "0:00:02"]
[BlackClock "0:00:22"]

1. e4 c5 2. Nf3 e6 3. d4 cxd4 4. Nxd4 a6 5. Bd3 Bc5 6. Nb3 Ba7 7. O-O Ne7 8. Qe2 O-O 9. Be3 Bxe3 10. Qxe3 f5 11. exf5 Nxf5 12. Bxf5 Rxf5 13. Nc3 Qg5 14. Qxg5 Rxg5 15. Ne4 Rg4 16. Nd6 Nc6 17. Rad1 Ne5 18. f4 Nf7 19. h3 Rg3 20. Nc5 b6 21. Nce4 Rg6 22. Rf2 Nxd6 23. Nxd6 Rf6 24. c3 b5 25. a3 a5 26. Rd4 Ba6 27. g3 Rb8 28. h4 h5 29. Rfd2 Kf8 30. Ne4 Rf7 31. Rxd7 Rxd7 32. Rxd7 b4 33. axb4 axb4 34. Nc5 bxc3 35. bxc3 Be2 36. Nxe6+ Kg8 37. Rxg7+ Kh8 38. Re7 Bg4 39. Kf2 Rb2+ 40. Kf1 Rc2 41. Ng5 Rxc3 42. Ne4 Rc2 43. Nf6 Bf3 44. Rh7# 1-0


[Site "https://www.chess.com"]

[Event "Titled Tuesday Blitz May 30 Early 2023"]
[White "OPQRC"]
[Black "Durarbayli, Vasif"]
[BlackFideId "13402935"]
[WhiteElo "2552"]
[BlackElo "2551"]
[Result "0-1"]
[Round "05"]
[TimeControl "180+2"]
[Date "2023.05.30"]
[WhiteClock "0:00:06"]
[BlackClock "0:01:34"]

1. e4 c5 2. Nf3 d6 3. d4 cxd4 4. Nxd4 Nf6 5. Nc3 Nc6 6. Bg5 Qb6 7. Nb3 e6 8. Qd2 a6 9. O-O-O Be7 10. f3 O-O 11. g4 Rd8 12. h4 Qc7 13. h5 b5 14. Bxf6 Bxf6 15. g5 Be7 16. g6 fxg6 17. hxg6 h6 18. Bh3 d5 19. Kb1 d4 20. Ne2 e5 21. Bxc8 Raxc8 22. f4 Nb4 23. fxe5 d3 24. cxd3 Rxd3 25. Qc1 Qd7 26. Qf4 Rxd1+ 27. Rxd1 Qxd1+ 28. Nec1 0-1


[Site "https://www.chess.com"]

[Event "Titled Tuesday Blitz May 30 Early 2023"]
[White "Naroditsky, Daniel"]
[Black "MaryanKyrychenko"]
[WhiteFideId "2026961"]
[WhiteElo "2633"]
[BlackElo "2645"]
[Result "1-0"]
[Round "05"]
[TimeControl "180+2"]
[Date "2023.05.30"]
[WhiteClock "0:00:11"]
[BlackClock "0:00:01"]

1. e4 c5 2. c3 d5 3. exd5 Qxd5 4. d4 g6 5. Nf3 Bg7 6. Na3 Nh6 7. Bc4 Qe4+ 8. Be3 O-O 9. Bd3 Qc6 10. O-O Ng4 11. Nc2 e5 12. Nxe5 Nxe5 13. dxe5 Bxe5 14. Bh6 Rd8 15. Qe2 Re8 16. Ne3 Nd7 17. Bb5 Qb6 18. Rad1 Qe6 19. Qf3 Bg7 20. Bxg7 Kxg7 21. Nd5 Ne5 22. Qg3 Rd8 23. Nc7 Qe7 24. Nxa8 Rxd1 25. Rxd1 Bg4 26. Rf1 c4 27. Bxc4 h5 28. Bb3 g5 29. h3 h4 30. Qe3 Bf5 31. f4 gxf4 32. Qxf4 Bg6 33. Bd5 Qc5+ 34. Qd4 Qd6 35. Bxf7 Bxf7 36. Qxd6 1-0


[Site "https://www.chess.com"]

[Event "Titled Tuesday Blitz May 30 Early 2023"]
[White "Nepomniachtchi, Ian"]
[Black "Steinberg, Nitzan"]
[WhiteFideId "4168119"]
[BlackFideId "2801795"]
[WhiteElo "2781"]
[BlackElo "2486"]
[Result "1-0"]
[Round "05"]
[TimeControl "180+2"]
[Date "2023.05.30"]
[WhiteClock "0:00:31"]
[BlackClock "0:00:01"]

1. e4 c5 2. Nf3 e6 3. d4 cxd4 4. Nxd4 Nc6 5. Nc3 Qc7 6. Be3 a6 7. g4 d6 8. g5 Bd7 9. Nxc6 Bxc6 10. Bg2 b5 11. Qd4 e5 12. Qd3 Ne7 13. O-O-O Ng6 14. Kb1 Be7 15. h4 O-O 16. h5 Nf4 17. Bxf4 exf4 18. h6 g6 19. Qd4 f6 20. Bh3 Kh8 21. Ne2 Qa7 22. Qc3 Qc5 23. Qd3 fxg5 24. Nd4 Bf6 25. c3 Rae8 26. f3 Bb7 27. Ne6 Rxe6 28. Bxe6 Be5 29. Rhg1 b4 30. Rxg5 bxc3 31. bxc3 Rb8 32. Bb3 a5 33. Kc2 Rc8 34. Rxe5 Qxe5 35. Qxd6 Qxc3+ 36. Kb1 Rg8 37. Bxg8 Kxg8 38. Qd8+ 1-0


[Site "https://www.chess.com"]

[Event "Titled Tuesday Blitz May 30 Early 2023"]
[White "Asis Gargatagli, Hipolito"]
[Black "Bluebaum, Matthias"]
[WhiteFideId "2260735"]
[BlackFideId "24651516"]
[WhiteElo "2557"]
[BlackElo "2639"]
[Result "0-1"]
[Round "05"]
[TimeControl "180+2"]
[Date "2023.05.30"]
[WhiteClock "0:00:00"]
[BlackClock "0:00:06"]

1. e4 e6 2. d4 d5 3. Nd2 c5 4. Ngf3 Nf6 5. e5 Nfd7 6. c3 Nc6 7. Bd3 f6 8. exf6 Nxf6 9. O-O cxd4 10. cxd4 Bd6 11. b3 O-O 12. Bb2 Bd7 13. Ne5 Be8 14. Qf3 Bxe5 15. dxe5 Ne4 16. Qh3 Ng5 17. Qg4 Qe7 18. Rac1 Nf7 19. f4 Nh6 20. Qe2 Nf5 21. g4 Nh4 22. a3 Bg6 23. b4 a6 24. Nb3 Rf7 25. Nd4 Nxd4 26. Bxd4 Bxd3 27. Qxd3 Ng6 28. Qg3 Qh4 29. Bc5 Qh6 30. Be3 Qh4 31. Bc5 h5 32. Qxh4 Nxh4 33. h3 hxg4 34. hxg4 g5 35. f5 exf5 36. e6 Rf6 37. e7 Re8 38. b5 axb5 39. Rcd1 Kf7 40. Rxd5 fxg4 41. Rfd1 g3 42. Rd8 b6 43. Rxe8 bxc5 0-1


[Site "https://www.chess.com"]

[Event "Titled Tuesday Blitz May 30 Early 2023"]
[White "Martinez Alcantara, Jose Eduardo"]
[Black "Makarian, Rudik"]
[WhiteFideId "3805662"]
[BlackFideId "44105681"]
[WhiteElo "2711"]
[BlackElo "2461"]
[Result "1/2-1/2"]
[Round "05"]
[TimeControl "180+2"]
[Date "2023.05.30"]
[WhiteClock "0:00:02"]
[BlackClock "0:00:07"]

1. e4 c5 2. Nf3 Nc6 3. Bb5 e6 4. O-O Nd4 5. Nxd4 cxd4 6. d3 a6 7. Ba4 b5 8. Bb3 Bb7 9. Nd2 Bc5 10. Qh5 Rc8 11. Nf3 Nf6 12. Qh4 O-O 13. a4 b4 14. a5 Be7 15. Qg3 Rc5 16. Nxd4 Rxa5 17. Rxa5 Qxa5 18. Be3 Qd8 19. Ra1 a5 20. Nb5 Bc6 21. Na7 Bb7 22. Nb5 Bc6 23. Nd4 Bb7 24. h3 Kh8 25. Ba4 d5 26. e5 Nd7 27. Bxd7 Qxd7 28. Rxa5 Ra8 29. Rxa8+ Bxa8 30. h4 h6 31. h5 Bf8 32. b3 Qc7 33. f4 Bc6 34. Qf2 Bd7 35. g4 Kg8 36. Kh2 Be7 37. Kg3 Bc5 38. Nxe6 Bxe6 39. Bxc5 d4 40. Qxd4 Qc6 41. f5 Bd5 42. Qf2 Qa6 43. Bxb4 Qa1 44. Qe1 Qb2 45. Qe2 Qd4 46. Be1 Qg1+ 47. Kf4 Qd4+ 48. Kg3 Qg1+ 49. Kh3 Qh1+ 50. Kg3 Qg1+ 1/2-1/2


[Site "https://www.chess.com"]

[Event "Titled Tuesday Blitz May 30 Early 2023"]
[White "Pranav, V"]
[Black "Pichot, Alan"]
[WhiteFideId "25060783"]
[BlackFideId "110973"]
[WhiteElo "2515"]
[BlackElo "2573"]
[Result "1-0"]
[Round "05"]
[TimeControl "180+2"]
[Date "2023.05.30"]
[WhiteClock "0:00:12"]
[BlackClock "0:00:00"]

1. e4 e5 2. Nf3 Nc6 3. Bc4 Nf6 4. d3 h6 5. O-O d6 6. a4 g5 7. a5 a6 8. c3 Bg7 9. Nbd2 O-O 10. Re1 Be6 11. Nf1 d5 12. exd5 Nxd5 13. Ng3 f5 14. Nh5 Bh8 15. Nd4 Nxd4 16. cxd4 Qd6 17. Bd2 Rae8 18. Qb3 c6 19. dxe5 Bxe5 20. Ng3 Re7 21. Re2 Bd4 22. Rae1 f4 23. Ne4 Qd7 24. Nc3 Bxc3 25. Bxc3 f3 26. Re4 fxg2 27. Bb4 Rfe8 28. Bxe7 Rxe7 29. d4 Qd6 30. Qg3 1-0


[Site "https://www.chess.com"]

[Event "Titled Tuesday Blitz May 30 Early 2023"]
[White "Narayanan.S.L"]
[Black "Bjerre, Jonas Buhl"]
[WhiteFideId "5058422"]
[BlackFideId "1444948"]
[WhiteElo "2563"]
[BlackElo "2525"]
[Result "0-1"]
[Round "05"]
[TimeControl "180+2"]
[Date "2023.05.30"]
[WhiteClock "0:02:02"]
[BlackClock "0:01:40"]

1. Nf3 Nf6 2. g3 c5 3. Bg2 Nc6 4. O-O e5 5. d3 d5 6. Bg5 Be7 7. Bxf6 Bxf6 8. e4 d4 9. Nbd2 O-O 10. Ne1 Rb8 11. f4 b5 12. Kh1 c4 13. dxc4 bxc4 14. Nxc4 Ba6 15. b3 Bxc4 16. bxc4 Na5 17. Nd3 Nxc4 18. Qe2 Qc7 19. Rfb1 Ne3 20. c3 Qxc3 21. Rc1 Qa3 22. fxe5 Be7 23. Bf3 Rfc8 24. Nf4 Rxc1+ 0-1


[Site "https://www.chess.com"]

[Event "Titled Tuesday Blitz May 30 Early 2023"]
[White "Uzcategui Rodriguez, Alejandro"]
[Black "Pranesh M"]
[WhiteFideId "3903400"]
[BlackFideId "35028600"]
[WhiteElo "2252"]
[BlackElo "2437"]
[Result "0-1"]
[Round "05"]
[TimeControl "180+2"]
[Date "2023.05.30"]
[WhiteClock "0:00:25"]
[BlackClock "0:00:04"]

1. d4 d5 2. Nf3 Nf6 3. c3 g6 4. Bg5 Bg7 5. Nbd2 O-O 6. e3 Nbd7 7. Be2 c5 8. O-O b6 9. a3 Bb7 10. b4 Rc8 11. bxc5 bxc5 12. Rb1 Nb6 13. a4 cxd4 14. cxd4 Ne4 15. a5 Nc3 16. Qe1 Nxb1 17. Qxb1 h6 18. Bh4 Nc4 19. Nxc4 dxc4 20. Qxb7 Qxa5 21. Bxe7 Rfe8 22. Bc5 Qa2 23. Re1 c3 24. Qb4 Qb2 25. Qxb2 cxb2 26. Rb1 a5 27. Rxb2 Rxc5 28. g3 Rc7 29. Nd2 a4 30. Ra2 Ra8 31. Bb5 a3 32. Nc4 Rb8 33. Nxa3 Bf8 34. Bd3 Rc3 35. Bxg6 Rxa3 36. Rc2 fxg6 37. Rc6 Kf7 38. h4 Be7 39. Kg2 h5 40. g4 hxg4 41. Kg3 Ra2 42. e4 Rb3+ 43. Kxg4 Rxf2 44. d5 Re3 45. Re6 Bf6 46. h5 gxh5+ 47. Kxh5 Rf4 48. e5 Rh3# 0-1


[Site "https://www.chess.com"]

[Event "Titled Tuesday Blitz May 30 Early 2023"]
[White "Dubov, Daniil"]
[Black "Vakhlamov, Igor L."]
[WhiteFideId "24126055"]
[BlackFideId "24126748"]
[WhiteElo "2793"]
[BlackElo "2407"]
[Result "1-0"]
[Round "05"]
[TimeControl "180+2"]
[Date "2023.05.30"]
[WhiteClock "0:00:17"]
[BlackClock "0:00:00"]

1. c4 e6 2. g3 d5 3. Bg2 Nf6 4. d4 c5 5. Nf3 cxd4 6. O-O Bc5 7. Nxd4 O-O 8. Nb3 Bb6 9. Nc3 dxc4 10. Nd2 Qc7 11. Qa4 Bd7 12. Qxc4 Bc6 13. Nde4 Nxe4 14. Bxe4 Bxe4 15. Qxc7 Bxc7 16. Nxe4 Nc6 17. Be3 Be5 18. Nc5 b6 19. Nd3 Bf6 20. Rac1 Rac8 21. Rfd1 Rfd8 22. Kg2 Kf8 23. Rc4 Ne5 24. Nxe5 Bxe5 25. b4 Rxc4 26. Rxd8+ Ke7 27. Ra8 Rxb4 28. Rxa7+ Ke8 29. Ra6 b5 30. Ra8+ Kd7 31. Ra7+ Ke8 32. Ra8+ Kd7 33. Rf8 f5 34. Rf7+ Ke8 35. Rb7 Bf6 36. Kf3 Ra4 37. Rxb5 Rxa2 38. Rb6 Kd7 39. Rb7+ Kc6 40. Rf7 Ra4 41. h3 Kd5 42. g4 h6 43. Bxh6 fxg4+ 44. hxg4 Ra3+ 45. e3 gxh6 46. Rxf6 h5 47. gxh5 Ke5 48. Rf4 Ra7 49. h6 Rh7 50. Rh4 Kf5 51. Rh1 e5 52. Rh5+ Kg6 53. Rxe5 Kxh6 54. Ke4 Kg6 55. f4 Ra7 56. Rg5+ Kf6 57. Kf3 Rg7 58. Rxg7 1-0


[Site "https://www.chess.com"]

[Event "Titled Tuesday Blitz May 30 Early 2023"]
[White "Di Benedetto, Edoardo"]
[Black "Bortnyk, Olexandr"]
[WhiteFideId "875740"]
[BlackFideId "14120828"]
[WhiteElo "2296"]
[BlackElo "2734"]
[Result "1/2-1/2"]
[Round "05"]
[TimeControl "180+2"]
[Date "2023.05.30"]
[WhiteClock "0:00:11"]
[BlackClock "0:00:12"]

1. d4 d6 2. c4 e5 3. dxe5 dxe5 4. Qxd8+ Kxd8 5. Nc3 Be6 6. e3 c6 7. Bd2 Kc7 8. O-O-O a5 9. Bd3 Na6 10. b3 Ba3+ 11. Kb1 Nb4 12. Bc2 Nf6 13. f3 a4 14. Nxa4 Nxc2 15. Kxc2 b5 16. cxb5 cxb5 17. Nc3 Kb6 18. Nge2 b4 19. Na4+ Rxa4 20. bxa4 Bxa2 21. Bc1 b3+ 22. Kd2 Rd8+ 23. Ke1 Bxc1 24. Rxd8 Bxe3 25. Nc3 Ka5 26. Ke2 Bd4 27. Kd3 Kb4 28. Rxd4+ exd4 29. Kxd4 Nd7 30. Ra1 Ka3 31. a5 Nb8 32. Kc4 Kb2 33. Rh1 Kc2 34. Nxa2 bxa2 35. Kb5 Kb2 36. a6 Nxa6 37. Kxa6 a1=Q+ 38. Rxa1 Kxa1 39. Kb6 Kb2 40. Kc6 Kc3 41. Kd6 Kd4 42. Ke7 f5 43. Kf7 Ke3 44. Kxg7 Kf2 45. Kxh7 Kxg2 46. Kg6 f4 47. h4 Kxf3 48. h5 Kg4 49. h6 f3 50. h7 f2 51. h8=Q f1=Q 52. Qh5+ Kg3 53. Qg5+ Kh2 54. Qh4+ Kg1 55. Qg3+ Qg2 56. Qxg2+ Kxg2 1/2-1/2


[Site "https://www.chess.com"]

[Event "Titled Tuesday Blitz May 30 Early 2023"]
[White "Ioannidis, Evgenios"]
[Black "Lazavik, Denis"]
[WhiteFideId "4229274"]
[BlackFideId "13515110"]
[WhiteElo "2386"]
[BlackElo "2560"]
[Result "0-1"]
[Round "05"]
[TimeControl "180+2"]
[Date "2023.05.30"]
[WhiteClock "0:00:03"]
[BlackClock "0:00:05"]

1. d4 Nf6 2. c4 e6 3. Nc3 Bb4 4. Qc2 O-O 5. e4 d5 6. e5 Ne4 7. Bd3 c5 8. Nf3 cxd4 9. Nxd4 Nd7 10. Bf4 Qh4 11. g3 Qh5 12. h4 Nxe5 13. Be2 Ng4 14. Bxg4 Qxg4 15. f3 Qh5 16. g4 Qg6 17. fxe4 e5 18. O-O-O Bxc3 19. Nf5 Bxf5 20. gxf5 Qg4 21. Be3 Bd4 22. Bxd4 exd4 23. exd5 Rfe8 24. Qd3 Re4 25. f6 g6 26. Kb1 Rae8 27. h5 Qf5 28. hxg6 hxg6 29. Rhf1 Qg5 30. d6 Rh4 31. Qf3 Rh2 32. d7 Rd8 33. Rxd4 Qe5 34. Qc3 Qe6 35. Rfd1 Rh3 36. Qa5 b6 37. Qd5 Qxf6 38. Qe4 Kg7 39. Rd6 Qf3 40. Qxf3 Rxf3 41. Rc6 Kf8 42. Rc7 a5 43. b4 axb4 44. Rc6 Ke7 45. Rc7 Rf6 46. Kc2 Rd6 47. Re1+ Kf6 48. Kb3 R8xd7 49. Rxd7 Rxd7 50. Kxb4 g5 51. Kb5 Rd6 52. a4 g4 53. Re8 Kg5 54. Rg8+ Rg6 55. Rxg6+ Kxg6 56. a5 bxa5 57. c5 g3 58. c6 g2 59. c7 g1=Q 60. c8=Q Qg5+ 61. Ka4 Qf4+ 62. Ka3 Qb4+ 63. Ka2 Kf6 64. Qd8+ Ke6 65. Qe8+ Qe7 66. Qc6+ Kf5 67. Qc8+ Qe6+ 68. Qxe6+ Kxe6 0-1


[Site "https://www.chess.com"]

[Event "Titled Tuesday Blitz May 30 Early 2023"]
[White "Matinian, Nikita"]
[Black "Hakobyan, Aram"]
[WhiteFideId "24129100"]
[BlackFideId "13306677"]
[WhiteElo "2422"]
[BlackElo "2584"]
[Result "1-0"]
[Round "05"]
[TimeControl "180+2"]
[Date "2023.05.30"]
[WhiteClock "0:00:05"]
[BlackClock "0:00:03"]

1. e4 c5 2. Nf3 Nc6 3. Bb5 g6 4. O-O Bg7 5. d3 d6 6. Re1 e5 7. a3 Ne7 8. b4 O-O 9. bxc5 dxc5 10. Bg5 h6 11. Bxe7 Nxe7 12. a4 Be6 13. Nc3 Nc8 14. Bc4 Bd7 15. Qb1 Nd6 16. Bd5 Kh7 17. Nb5 Bxb5 18. axb5 Qe7 19. Qb3 f5 20. exf5 gxf5 21. Re2 e4 22. Rae1 c4 23. Bxc4 Qc7 24. Nd2 a5 25. bxa6 bxa6 26. dxe4 Rab8 27. Qa2 fxe4 28. Bd5 Rb2 29. Qxa6 Bc3 30. Rd1 Rxc2 31. Nxe4 Bd4 32. Nxd6 Bxf2+ 33. Kh1 Rxe2 34. Qxe2 Bh4 35. Be4+ Kh8 36. Nf5 Bf6 37. Qh5 Bg7 38. Nxh6 Qf4 39. Nf7+ Kg8 40. Bh7# 1-0


[Site "https://www.chess.com"]

[Event "Titled Tuesday Blitz May 30 Early 2023"]
[White "Svane, Rasmus"]
[Black "Prohaszka, Peter"]
[WhiteFideId "4657101"]
[BlackFideId "726265"]
[WhiteElo "2601"]
[BlackElo "2626"]
[Result "1-0"]
[Round "05"]
[TimeControl "180+2"]
[Date "2023.05.30"]
[WhiteClock "0:00:49"]
[BlackClock "0:00:01"]

1. Nf3 d5 2. g3 g6 3. Bg2 Bg7 4. d4 Nf6 5. O-O O-O 6. c4 c6 7. Qb3 a5 8. Rd1 a4 9. Qb4 Re8 10. Bf4 Bf5 11. Qxb7 Na6 12. c5 Nd7 13. Nc3 a3 14. bxa3 Naxc5 15. dxc5 Bxc3 16. Rac1 Bg7 17. Qxc6 Bb2 18. Qxd5 Bxc1 19. Rxc1 Nf6 20. Qe5 Be4 21. c6 Qd5 22. Qc3 Rec8 23. c7 Ra6 24. Bh3 Bf5 25. Bxf5 gxf5 26. Rb1 Rc6 27. Qd4 Rc4 28. Qxd5 Nxd5 29. Rb8 Nb6 30. Rxb6 R8xc7 31. Bxc7 Rxc7 32. a4 Rc2 33. Nd4 Rxa2 34. Nxf5 h6 35. Nxe7+ 1-0


[Site "https://www.chess.com"]

[Event "Titled Tuesday Blitz May 30 Early 2023"]
[White "Danielyan, Vahe"]
[Black "Lenderman, Aleksandr"]
[WhiteFideId "13304828"]
[BlackFideId "2021285"]
[WhiteElo "2423"]
[BlackElo "2607"]
[Result "0-1"]
[Round "05"]
[TimeControl "180+2"]
[Date "2023.05.30"]
[WhiteClock "0:00:02"]
[BlackClock "0:00:59"]

1. e4 d5 2. exd5 Nf6 3. d4 Bg4 4. Be2 Bxe2 5. Qxe2 Qxd5 6. Nf3 e6 7. O-O Bd6 8. c4 Qh5 9. Nc3 Nc6 10. h3 O-O-O 11. Nb5 a6 12. Nxd6+ Rxd6 13. Be3 Rhd8 14. Rfd1 Ne7 15. b4 Nf5 16. b5 axb5 17. cxb5 Nd5 18. Rac1 Nh4 19. g4 Nxf3+ 20. Qxf3 Qg6 21. a4 b6 22. Rc4 R8d7 23. Rdc1 Kd8 24. Kg2 f5 25. Rc6 Rxc6 26. Rxc6 Rf7 27. a5 bxa5 28. b6 cxb6 29. Bd2 fxg4 30. Qxg4 Qxg4+ 31. hxg4 Kd7 32. Rc2 Rf8 33. Rb2 Rc8 34. Kf3 a4 35. Ke4 a3 36. Ra2 Ra8 37. f4 b5 38. Kd3 b4 39. Kc4 g6 40. Kb3 Kd6 41. Ra1 h5 42. gxh5 gxh5 43. Rh1 a2 44. Ra1 h4 45. Bc1 h3 46. Bb2 Nxf4 47. Rh1 Kd5 48. Rf1 Nd3 49. Ba1 h2 50. Rg1 0-1


[Site "https://www.chess.com"]